 Dungeon Crawl Stone Soup version 0.30-a0-802-gb92711bcdf (webtiles) character file.

Game seed: 1402325413277938921

127 domi the Conjurer (level 4, 0/30 HPs)
             Began as a Demonspawn Conjurer on Feb 23, 2023.
             Slain by an orc warrior
             ... wielding a +0 dire flail
              (11 damage)
             ... on level 3 of the Dungeon.
             The game lasted 00:04:27 (2293 turns).

domi the Conjurer (Demonspawn Conjurer)             Turns: 2293, Time: 00:04:27

Health: 0/30       AC:  3    Str:  8    XL:     4   Next: 85%
Magic:  1/7        EV: 12    Int: 21    God:
Gold:   108        SH:  0    Dex: 11    Spells: 0/7 levels left

rFire   . . .      SeeInvis .    (no weapon)
rCold   . . .      Faith    .    (no shield)
rNeg    . . .      Spirit   .    a - +0 robe
rPois   .          Reflect  .    (no helmet)
rElec   .          Harm     .    j - +0 cloak
rCorr   .          Rampage  .    (no gloves)
Will    .....                    (no boots)
Stlth   ++                       (no amulet)
HPRegen 0.25/turn                (no ring)
MPRegen 0.10/turn                (no ring)

@: no status effects
A: demonic magic 1
a: no special abilities


You were on level 3 of the Dungeon.
You visited 1 branch of the dungeon, and saw 3 of its levels.

You collected 108 gold pieces.

Inventory:

Armour
 a - a +0 robe (worn)
 c - a scarf of invisibility
   (You found it on level 1 of the Dungeon)
 j - a +0 cloak (worn)
   (You found it on level 3 of the Dungeon)
Scrolls
 d - 6 scrolls of identify {@r1}
 g - a scroll of enchant armour {unknown}
 h - 2 scrolls of enchant weapon {unknown}
Potions
 b - a potion of magic
 e - 2 potions of curing {unknown}
 f - 2 potions of heal wounds {unknown}
 i - a potion of berserk rage {unknown}
 k - a potion of degeneration {unknown}


   Skills:
 - Level 1.7 Dodging
 - Level 1.7 Stealth
 - Level 2.0 Spellcasting
 + Level 6.2 Conjurations


You couldn't memorise any spells.
You knew the following spells:

 Your Spells              Type           Power      Damage    Failure   Level
c - Iskenderun's Mystic   Conj/Tloc      15%        2d5       38%         4
x - Searing Ray           Conj           56%        2d6       1%          2
z - Magic Dart            Conj           100%       1d8       1%          1

Your spell library contained the following spells:

 Spells                   Type           Power      Damage    Failure   Level
 Dazzling Flash           Conj/Hex       30%        N/A       12%         3
 Fulminant Prism          Conj/Hex       7%         3d7       38%         4


Dungeon Overview and Level Annotations

Branches:
Dungeon (3/15)

Altars:


Innate Abilities, Weirdness & Mutations

Spells you cast may paralyse adjacent enemies.


Message History

The magic dart hits the adder.
Malevolent energies surge around you.
Aim: an adder (heavily wounded, 100% to hit)
The magic dart hits the adder!
You kill the adder!
Malevolent energies surge around you.
You can't see any susceptible monsters within range! (Use Z to cast anyway.)
You can't see any susceptible monsters within range! (Use Z to cast anyway.)
Okay, then.
You see here a +0 scale mail.
You see here a +0 cloak.
j - a +0 cloak You start removing your armour.
You continue taking off your scarf of invisibility. x4
You finish taking off your scarf of invisibility.
You start putting on your armour.
You continue putting on your +0 cloak. x5
You finish putting on your +0 cloak.
Welcome back, domi the Demonspawn Conjurer.
Memorise Searing Ray, consuming 2 spell levels and leaving 4?
You start memorising the spell.
You continue memorising. x2
You finish memorising.
Spell assigned to 'x'.
This spell is astonishingly dangerous to cast!
Memorise Iskenderun's Mystic Blast, consuming 4 spell levels and leaving 0?
You start memorising the spell.
You continue memorising. x4
You finish memorising.
Spell assigned to 'c'.
Okay, then.
k - a viscous ruby potion
d - 6 scrolls of identify {@r1} (gained 1)
You now have 108 gold pieces (gained 5).
You open the door.
There is an open door here.
You open the door.
There is an open door here.
Found a stone staircase leading up.
An orc priest comes into view. It is wielding a +0 flail.
The orc priest shouts!
You hear a shout!
An orc priest is nearby!
Aim: an orc priest, wielding a +0 flail (100% to hit)
The magic dart hits the orc priest.
Malevolent energies surge around you.
An orc comes into view. It is wielding a +0 mace.
Aim: an orc priest, wielding a +0 flail (lightly wounded, 100% to hit)
The magic dart hits the orc priest.
Malevolent energies surge around you.
Aim: an orc priest, wielding a +0 flail (moderately wounded, 100% to hit)
The magic dart hits the orc priest.
Malevolent energies surge around you.
An orc wizard comes into view. It is wielding a +0 dagger.
Aim: an orc priest, wielding a +0 flail (moderately wounded, 100% to hit)
The magic dart hits the orc priest.
Malevolent energies surge around you.
The orc wizard shouts!
You hear a shout!
Aim: an orc priest, wielding a +0 flail (severely wounded, 100% to hit)
The magic dart hits the orc priest.
Malevolent energies surge around you.
Aim: an orc priest, wielding a +0 flail (almost dead, 100% to hit)
The magic dart hits the orc priest!
You kill the orc priest!
Malevolent energies surge around you.
An orc warrior comes into view.
It is wielding a +0 dire flail and wearing a +2 chain mail of poison resistance.
The orc wizard casts a spell.
The orc wizard flickers and vanishes!
Deactivating autopickup; reactivate with Ctrl-A.
Your Conjurations skill increases to level 6!
The orc wizard mumbles some strange words.
The orc wizard flickers and vanishes!
Aim: an orc, wielding a +0 mace and wearing a +0 chain mail (100% to hit)
The magic dart hits the orc.
Malevolent energies surge around you.
Aim: an orc, wielding a +0 mace and wearing a +0 chain mail (moderately wounded, 100% to hit)
The magic dart hits the orc.
Malevolent energies surge around you.
The orc suddenly stops moving!
Aim: an orc, wielding a +0 mace and wearing a +0 chain mail (heavily wounded, paralysed, 100% to hit)
The magic dart hits the orc but does no damage.
Malevolent energies surge around you.
Aim: an orc, wielding a +0 mace and wearing a +0 chain mail (heavily wounded, paralysed, 100% to hit)
The magic dart hits the orc!
You kill the orc!
Malevolent energies surge around you.
An orc wizard appears from thin air!
Reactivating autopickup.
The orc wizard gestures wildly while chanting.
The orc wizard flickers and vanishes!
Deactivating autopickup; reactivate with Ctrl-A.
There is an open door here.
Aim: an orc warrior, wielding a +0 dire flail and wearing a +2 chain mail of poison resistance (77% to hit)
The searing ray hits the orc warrior. (Press . to maintain the ray.) Malevolent energies surge around you.
The searing ray hits the orc warrior!
The searing ray hits the orc warrior but does no damage.
The orc wizard gestures wildly while chanting.
The orc wizard flickers and vanishes!
The searing ray hits the orc warrior.
You finish channelling your searing ray.
The orc warrior misses you. The orc warrior barely misses you.
The orc warrior attacks as you move away!
The orc warrior hits you with a +0 dire flail!
The orc warrior attacks as you move away!
The orc warrior hits you with a +0 dire flail!
Aim: an orc warrior, wielding a +0 dire flail and wearing a +2 chain mail of poison resistance (moderately wounded, 77% to hit)
The searing ray hits the orc warrior!
The searing ray hits something. (Press . to maintain the ray.) Malevolent energies surge around you.
The orc warrior hits you with a +0 dire flail!
You die...

#.#.#.#.# #.#.#.#
#.#.#.#.# #.#.#.#
#.#.#.o.# #.#.#.#
#.#.########.#...#
#.#...{)o....#...#
#.############.#.#
#.# #.#.# #.#
#.#.# #.# #.#@#
#.# #.#o# #.#
#.#.# #'########
#.#.# ......(..#
#<#.# .........#
###.# .........#
#.# .........# #.#
.........# #.#


You could see an orc warrior.

Vanquished Creatures
  An orc priest (D:3)
  3 gnolls (D:2)
  3 adders
  A worm (D:2)
  A dart slug (D:3)
  An orc (D:3)
  6 bats
  3 endoplasms
  2 giant cockroaches (D:1)
  2 goblins
  3 hobgoblins
  3 kobolds
  4 ball pythons
  A frilled lizard (D:3)
  4 rats
38 creatures vanquished.

Vanquished Creatures (others)
  3 fungi (D:2)
  8 plants (D:2)
11 creatures vanquished.

Grand Total: 49 creatures vanquished

Notes
Turn   | Place    | Note
-------+----------+-------------------------------------------
     0 | D:1      | domi the Demonspawn Conjurer began the quest for the Orb.
     0 | D:1      | Reached XP level 1. HP: 13/13 MP: 3/3
   420 | D:1      | Gained mutation: Spells you cast may paralyse adjacent
                  | enemies. [demonic ancestry]
   420 | D:1      | Reached XP level 2. HP: 19/19 MP: 1/5
  1095 | D:2      | Reached skill level 5 in Conjurations
  1095 | D:2      | Reached XP level 3. HP: 24/24 MP: 3/6
  1692 | D:2      | Reached XP level 4. HP: 30/30 MP: 1/7
  1865 | D:2      | Found a faded altar of an unknown god.
  2119 | D:3      | Learned a level 2 spell: Searing Ray
  2124 | D:3      | Learned a level 4 spell: Iskenderun's Mystic Blast
  2160 | D:3      | Noticed an orc warrior
  2161 | D:3      | Reached skill level 6 in Conjurations
  2293 | D:3      | Slain by an orc warrior

Illustrated notes

Levels and vault maps discovered:
D:1:      minmay_arrival_plants_in_alcoves, layout_loops_ring
D:2:      layout_rooms, dreamdust_ecumenical_altar_grove, minivault_11,
          nicolae_grassy_gnolls
D:3:      layout_basic, vehumet_statue, uniq_ijyb

Skill      XL: |  1  2  3  4 |
---------------+-------------+-----
Conjurations   | 5 6 |  6.2
Dodging        | |  1.7
Stealth        | |  1.7
Spellcasting   | |  2.0

Action                     |  1- 3 |  4- 6 || total
---------------------------+-------+-------++-------
  Melee: Unarmed           |    15 |       ||    15
   Cast: Magic Dart        |    65 |    21 ||    86
         Searing Ray       |       |     2 ||     2
    Use: Scroll            |     1 |       ||     1
   Stab: Paralysed         |     4 |       ||     4
 Armour: Robe              |     3 |       ||     3
  Dodge: Dodged            |    12 |     3 ||    15

Table legend: (Time is in decaauts)
 A = Elapsed time spent in this place.
 B = Non-inter-level travel time spent in this place.
 C = Inter-level travel time spent in this place.
 D = Time resting spent in this place.
 E = Time spent auto-exploring this place.
 F = Levels seen in this place.
 G = Mean time per level.
                   A        B        C        D        E       F      G
               +--------+--------+--------+--------+--------+-----+--------+
         Total |   2292 |   2239 |     53 |    262 |   1591 |   3 |  764.0 |
       Dungeon |   2292 |   2239 |     53 |    262 |   1591 |   3 |  764.0 |
               +--------+--------+--------+--------+--------+-----+--------+

Top non-repeatable levels by time:
     D:2: 954 daAuts
     D:1: 954 daAuts
     D:3: 383 daAuts

Table legend:
 A = Kills in this place as a percentage of kills in entire the game.
 B = Kills by you in this place as a percentage of kills by you in the entire game.
 C = Kills by friends in this place as a percentage of kills by friends in the entire game.
 D = Other kills in this place as a percentage of other kills in the entire game.
 E = Experience gained in this place as a percentage of experience gained in the entire game.
 F = Experience gained in this place divided by the number of levels of this place that you have seen.
                   A       B       C       D       E      F
               +-------+-------+-------+-------+-------+----------------------
         Total | 100.0 | 100.0 |   N/A |   N/A | 100.0 |  60.7
       Dungeon | 100.0 | 100.0 |   N/A |   N/A | 100.0 |  60.7
               +-------+-------+-------+-------+-------+----------------------
